 Dungeon Crawl Stone Soup version 0.27.1-1-g398f81649c (webtiles) character file.

Game seed: 9375050975526379266

42 Mesmaeker13 the Caller (level 3, -1/24 HPs)
             Began as a Barachi Summoner on Sept 13, 2021.
             Killed from afar by a white imp (6 damage)
             ... with a puff of frost
             ... on level 3 of the Dungeon.
             The game lasted 00:02:33 (2943 turns).

Mesmaeker13 the Caller (Barachi Summoner)           Turns: 2943, Time: 00:02:34

Health: -1/24      AC:  2    Str:  9    XL:     3   Next: 54%
Magic:  4/7        EV: 12    Int: 16    God:
Gold:   102        SH:  0    Dex: 12    Spells: 4/7 levels left

rFire    . . .     SeeInvis .   c - +0 dagger
rCold    . . .     Faith    .   (no shield)
rNeg     . . .     Spirit   .   a - +0 robe
rPois    .         Reflect  .   (no helmet)
rElec    .         Harm     .   (no cloak)
rCorr    .         Rampage  .   (no gloves)
Will     +....                  (no boots)
Stlth    ++........             (no amulet)
HPRegen  0.08/turn              g - ring of willpower
MPRegen  0.10/turn              (no ring)

@: slow
A: amphibious, slowness 1, strong legs 1, +LOS
a: Hop


You were on level 3 of the Dungeon.
You visited 1 branch of the dungeon, and saw 3 of its levels.

You collected 102 gold pieces.

Inventory:

Hand Weapons
 c - a +0 dagger (weapon)
Armour
 a - a +0 robe (worn)
Jewellery
 g - a ring of willpower (left hand)
Scrolls
 b - a scroll of enchant weapon {unknown}
 d - a scroll of amnesia {unknown}
 e - a scroll of enchant armour {unknown}
 i - a scroll of identify {unknown}
Potions
 f - a potion of flight {unknown}
 h - a potion of cancellation {unknown}


   Skills:
 + Level 3.0 Dodging
 - Level 1.7 Stealth
 + Level 2.8 Spellcasting
 + Level 5.3 Summonings


You had 4 spell levels left.
You knew the following spells:

 Your Spells              Type           Power      Damage    Failure   Level
a - Summon Small Mammal   Summ           76%        N/A       1%          1
b - Call Imp              Summ           19%        N/A       3%          2

Your spell library contained the following spells:

 Spells                   Type           Power      Damage    Failure   Level
 Call Canine Familiar     Summ           19%        N/A       6%          3
 Summon Guardian Golem    Hex/Summ       10%        N/A       19%         3
 Static Discharge         Conj/Air       2%         N/A       28%         2
 Ozocubu's Armour         Ice            2%         N/A       50%         3
 Summon Lightning Spire   Summ/Air       10%        N/A       54%         4
 Dispel Undead            Necr           2%         3d7       88%         4
 Sticky Flame             Conj/Fire      2%         2d3       88%         4
 Ozocubu's Refrigeration  Ice            1%         4d5       100%        7


Dungeon Overview and Level Annotations

Branches:
Dungeon (3/15)

Altars:


Innate Abilities, Weirdness & Mutations

You are amphibious.
You cover ground slowly.
You can hop short distances.
You have an extended range of vision and can be seen from far away.


Message History

Casting: Call Imp (safe; 3% risk of failure)
Confirm with . or Enter, or press ? or * to list all spells.
A beastly little devil appears in a puff of flame.
Your shadow imp barely misses the hobgoblin zombie.
The orc skeleton completely misses your shadow imp.
The white imp hits you. The white imp freezes you.
Your shadow imp hits the hobgoblin zombie.
The orc skeleton hits your shadow imp. The white imp hits you.
* * * LOW HITPOINT WARNING * * *
The white imp freezes you.
* * * LOW HITPOINT WARNING * * *
You swap places.
Your shadow imp hits the hobgoblin zombie.
The hobgoblin zombie hits your shadow imp but does no damage.
Something barely misses your shadow imp.
The white imp misses your crimson imp.
Your crimson imp hits the white imp.
Your shadow imp completely misses the hobgoblin zombie.
Unknown command.
The hobgoblin zombie barely misses your shadow imp.
The white imp completely misses your crimson imp.
Something hits your shadow imp but does no damage.
Your crimson imp completely misses the white imp.
Your shadow imp hits the hobgoblin zombie.
The hobgoblin zombie is destroyed!
The white imp gestures at you.
The puff of frost hits your crimson imp!!
Your crimson imp is frozen!
Your crimson imp dies!
The kobold zombie closely misses your shadow imp.
Something hits your shadow imp but does no damage.
Casting: Call Imp (safe; 3% risk of failure)
Confirm with . or Enter, or press ? or * to list all spells.
A beastly little devil appears in a puff of flame.
Your shadow imp hits the orc skeleton.
Something hits your shadow imp but does no damage.
The orc skeleton barely misses your shadow imp.
Your crimson imp blinks!
The white imp gestures at you. The puff of frost hits you.
You die...

# ..# ... # #.# ..# # #.# ..# #
## #.# #..# .. .# #.# ...#...
.. ## ####.#######....+
.(##.##########ยง...5Z.5.ZZ...#
#...#...)..........#####Z....#
#.#####.....5@.....##.#...# #.#
######.#####.##.#.Z..# #.# #.#
##.#....... #.# #.# #.#..5....
#.## #.# #.#.####.# # #..# #.#
#.#.# . # ##.# #.# #(#.#
#####.### ... #. .# ........#
#..


You could see a white imp (ally target), an orc skeleton and a friendly crimson
imp (summoned).

Vanquished Creatures
  An orc (D:3)
  A ball python (D:1)
  An endoplasm (D:1)
  2 giant cockroaches
  A goblin (D:3)
  A bat (D:2)
  An orc zombie (D:3)
8 creatures vanquished.

Vanquished Creatures (collateral kills)
  An adder (D:2)
  A dart slug (D:1)
  An orc (D:3)
  4 bats
  5 endoplasms
  A giant cockroach (D:1)
  7 goblins
  4 hobgoblins
  2 jackals (D:3)
  5 kobolds
  2 ball pythons
  A frilled lizard (D:2)
  A hobgoblin zombie (D:3)
  2 rats (D:2)
37 creatures vanquished.

Grand Total: 45 creatures vanquished

Notes
Turn   | Place    | Note
-------+----------+-------------------------------------------
     0 | D:1      | Mesmaeker13 the Barachi Summoner began the quest for the
                  | Orb.
     0 | D:1      | Reached XP level 1. HP: 13/13 MP: 3/3
   389 | D:1      | Reached skill level 5 in Summonings
   392 | D:1      | Reached XP level 2. HP: 18/19 MP: 3/5
   491 | D:1      | Found a faded altar of an unknown god.
   887 | D:2      | Learned a level 2 spell: Call Imp
  1748 | D:2      | Reached XP level 3. HP: 20/24 MP: 4/7
  2943 | D:3      | Killed from afar by a white imp

Illustrated notes

Levels and vault maps discovered:
D:1:      scummos_arrival_hexagon, layout_basic, basic_ecumenical_altar
D:2:      layout_basic
D:3:      layout_loops_ring, nicolae_tso_besieged_by_evil, minmay_cupped

Skill      XL: |  1  2  3 |
---------------+----------+-----
Summonings     | 5 |  5.3
Dodging        | 3 |  3.0
Stealth        | |  1.7
Spellcasting   | |  2.8

Action                   || total
-------------------------++-------
Melee: Unarmed           ||     1
       Dagger            ||    63
 Cast: Summon Small Mamm ||    32
       Call Imp          ||    22
Armor: Robe              ||    21
Dodge: Dodged            ||    67
